 Dungeon Crawl Stone Soup version 0.28-a0-178-ga708605c5b (webtiles) character file.

Game seed: 11000864048802929252

66 willcat the Sneak (level 4, -16/31 HPs)
             Began as an Octopode Delver on Aug 17, 2021.
             Demolished by a wyvern (17 damage)
             ... on level 6 of the Dungeon.
             The game lasted 00:01:01 (371 turns).

willcat the Sneak (Octopode Delver)                  Turns: 371, Time: 00:01:02

Health: -16/31     AC:  1    Str: 11    XL:     4   Next: 15%
Magic:  4/4        EV: 14    Int: 12    God:
Gold:   12         SH:  0    Dex: 14    Spells: 3/3 levels left

rFire   . . .      SeeInvis .   a - +0 short sword
rCold   . . .      Faith    .   (no shield)
rNeg    . . .      Spirit   .   (helmet restricted)
rPois   .          Reflect  .   (no amulet)
rElec   .          Harm     .   (no ring)
rCorr   .          Rampage  .   (no ring)
Will    .....                   (no ring)
Stlth   +++++.....              (no ring)
HPRegen 0.10/turn               (no ring)
MPRegen 0.09/turn               (no ring)
                                (no ring)
                                (no ring)

@: hasted (expiring), very quick
A: almost no armour, amphibious, 8 rings, camouflage 1, gelatinous body 1,
(nimble swimmer 1), tentacles
a: no special abilities


You were on level 6 of the Dungeon.
You visited 2 branches of the dungeon, and saw 3 of its levels.

You collected 12 gold pieces.

Inventory:

Hand Weapons
 a - a +0 short sword (weapon)
 i - a +1 whip of electrocution
Wands
 f - a wand of digging (8)
 h - a wand of polymorph (10)
Scrolls
 b - 2 scrolls of fog
 c - a scroll of magic mapping
 d - a scroll of fear
 g - a scroll of identify {unknown}


   Skills:
 - Level 3.0 Fighting
 + Level 2.9 Short Blades
 + Level 2.9 Dodging
 + Level 7.3 Stealth


You had 3 spell levels left.
You didn't know any spells.
Your spell library was empty.

Dungeon Overview and Level Annotations

Branches:
Dungeon (6/15)             Temple (1/1) D:6

Altars:
Ashenzari
Cheibriados
Dithmenos
Elyvilon
Fedhas
Gozag
Hepliaklqana
Kikubaaqudgha
Okawaru
Qazlal
Trog
Uskayaw
Wu Jian
Xom
Yredelemnul
The Shining One


Innate Abilities, Weirdness & Mutations

You cannot wear most types of armour.
You are amphibious.
You can wear up to eight rings at the same time.
Your skin changes colour to match your surroundings (Stealth+).
Your rubbery body absorbs attacks. (AC +1, EV +1)
((You are camouflaged near water. (Stealth+)))
You have tentacles for arms and can constrict up to eight enemies at once.


Message History

Unknown command.
You hit the wyvern. Your squeeze misses the wyvern.
The wyvern is heavily wounded.
The wyvern closely misses you.
Unknown command.
You hit the wyvern. Your squeeze misses the wyvern.
The wyvern is severely wounded.
The wyvern barely misses you.
Unknown command.
You closely miss the wyvern.
The wyvern is severely wounded.
The wyvern misses you.
Unknown command.
You barely miss the wyvern.
The wyvern is severely wounded.
Your extra speed is starting to run out.
The wyvern closely misses you.
Unknown command.
You closely miss the wyvern.
The wyvern is severely wounded.
The wyvern barely misses you.
Unknown command.
You closely miss the wyvern.
The wyvern is severely wounded.
The wyvern barely misses you.
Unknown command.
You hit the wyvern but do no damage.
The wyvern is severely wounded.
The wyvern bites you!
* * * LOW HITPOINT WARNING * * *
Unknown command.
You hit the wyvern but do no damage. Your squeeze misses the wyvern.
The wyvern is severely wounded.
The wyvern misses you.
Unknown command.
You hit the wyvern.
The wyvern is severely wounded.
The wyvern bites you!
Ouch! That really hurt!
You die...

#.................##
......##.....[.....#
.......#....#.#....#
.##.........####.###
.#......##..# ##.##
#.....#.###)###...#
......###.........#
......###........##
.......#..####.l@######
..................#...#
##.###..).............#
#.##...##..#.........#
#..##...#..........###
##.###...>..#........#
#..##.......#........#
...##.......#........#
.....................######


You could see a wyvern.

Vanquished Creatures
  A hound (D:6)
  An iguana (D:6)
  5 orcs (D:6)
7 creatures vanquished.

Notes
Turn   | Place    | Note
-------+----------+-------------------------------------------
     0 | D:5      | willcat the Octopode Delver began the quest for the Orb.
     0 | D:5      | Reached XP level 1. HP: 16/16 MP: 1/1
    41 | D:6      | Found a staircase to the Ecumenical Temple.
    50 | Temple   | Entered the Ecumenical Temple
    64 | Temple   | Noticed an electric eel
   100 | Temple   | Noticed an electric eel
   105 | Temple   | Noticed an electric eel
   106 | Temple   | Noticed an electric eel
   108 | Temple   | Noticed an electric eel
   118 | Temple   | Noticed an electric eel
   174 | D:6      | Noticed an iguana
   188 | D:6      | Killed an iguana
   189 | D:6      | Reached skill level 7 in Stealth
   189 | D:6      | Reached XP level 2. HP: 16/21 MP: 2/2
   189 | D:6      | Reached XP level 3. HP: 20/26 MP: 3/3
   305 | D:6      | Noticed a sky beast
   310 | D:6      | Reached XP level 4. HP: 20/31 MP: 4/4
   315 | D:6      | Noticed a wyvern
   315 | D:6      | a sky beast changed into a wyvern
   369 | D:6      | HP: 1/31 [wyvern (7)]
   371 | D:6      | Demolished by a wyvern

Illustrated notes

Levels and vault maps discovered:
D:5:      layout_cave_pods, mainiacjoe_overflow_six_doors_small,
          kennysheep_mini, gammafunk_ghost_abyssal_escape
D:6:      layout_cave_pools, amcnicky_altar_gilded, minmay_temple_entry_waves
Temple:   compressed_dpeg_circular_temple

Skill      XL: |  1 |
---------------+----+-----
Stealth        | 7 |  7.3
Fighting       | |  3.0
Short Blades   | |  2.9
Dodging        | |  2.9

Action                   |  1- 3 |  4- 6 || total
-------------------------+-------+-------++-------
Melee: Short sword       |    18 |    11 ||    29
       Tentacles         |     7 |     1 ||     8
       Constrict         |     5 |       ||     5
Evoke: Wand              |       |     1 ||     1
  Use: Potion            |       |     1 ||     1
 Stab: Sleeping          |     1 |       ||     1
Armor: Skin              |       |     1 ||     1
Dodge: Dodged            |     8 |    10 ||    18

Table legend: (Time is in decaauts)
 A = Elapsed time spent in this place.
 B = Non-inter-level travel time spent in this place.
 C = Inter-level travel time spent in this place.
 D = Time resting spent in this place.
 E = Time spent auto-exploring this place.
 F = Levels seen in this place.
 G = Mean time per level.
                   A        B        C        D        E       F      G
               +--------+--------+--------+--------+--------+-----+--------+
         Total |    352 |    338 |     14 |      0 |    215 |   3 |  117.3 |
       Dungeon |    272 |    258 |     14 |      0 |    163 |   2 |  136.0 |
        Temple |     79 |     79 |      0 |      0 |     52 |   1 |   79.0 |
               +--------+--------+--------+--------+--------+-----+--------+

Top non-repeatable levels by time:
     D:6: 236 daAuts
  Temple: 79 daAuts
     D:5: 36 daAuts
